AoeStats
← 烏雲中

Arena

508881564Analyzed
4v4 RM · 8d ago on Sep 24, 2026· 21m 35s· 8 players
Game mode
Random Map
Map size
Large (8 player)
Population
200
Speed
Normal
Resources
Standard
Victory
Conquest
Starting age
Dark Age
Ending age
Imperial Age
RankedLock teamsTeams togetherTeam positionsShared explorationLock speedFull tech treeHidden civsTurbo modeCheats
Victory
Defeat
1412
+12
🇨🇳 Malay · China
1327
+15
🇨🇳 Celts · China
1312
+16
🇦🇷 Britons · Argentina
1302
+17
🇹🇼 Saxons · Taiwan
1503
-22
🇹🇼 Varangians · Taiwan
1346
-16
🇹🇼 Turks · Taiwan
1287
-14
🇹🇼 Slavs · Taiwan
1132
-8
Walkuere
8:59 Feudal Age
8:38 Double-Bit Axe
9:21 Horse Collar
16:29 Castle Age
15:14 Gold Mining
18:09 Man-at-Arms
19:32 Long Swordsman
21:18 Forging
TanjiroK
9:39 Feudal Age
13:38 Castle Age
11:36 Horse Collar
12:46 Double-Bit Axe
20:11 Loom
20:20 Fletching
Ares_Hong Bang- Trieu Dynasty
10:43 Feudal Age
14:44 Castle Age
13:04 Horse Collar
13:46 Double-Bit Axe
15:52 Wheelbarrow
15:22 Loom
16:02 Bow Saw
cuilao8123
10:43 Feudal Age
11:26 Horse Collar
11:32 Double-Bit Axe
14:52 Loom
16:06 Gold Mining
16:07 Stone Mining
19:36 Castle Age
19:46 Wheelbarrow
20:40 Bow Saw
20:31 Heavy Plow
貓妖
10:50 Feudal Age
14:27 Castle Age
13:27 Double-Bit Axe
13:24 Horse Collar
18:22 Wheelbarrow
高德納
10:32 Feudal Age
12:15 Loom
15:10 Castle Age
15:19 Double-Bit Axe
15:17 Horse Collar
19:17 Scale Mail Armor
21:17 Forging
戳中之霸 DY能兒
11:58 Feudal Age
15:39 Castle Age
14:29 Double-Bit Axe
16:53 Loom
20:59 Imperial Age
20:01 Horse Collar
烏雲中
9:45 Feudal Age
10:37 Loom
14:46 Castle Age
12:46 Double-Bit Axe
13:09 Horse Collar
15:49 Bow Saw
16:48 Wheelbarrow
Connection lost

Rejoining the realm…

Still unreachable

The connection could not be restored.

Session expired

The server has moved on; the page needs a fresh start.